 Dungeon Crawl Stone Soup version 0.24.0-125-gc4c63601f3 (webtiles) character file.

Game seed: 4758244443474910568, levelgen mode: deterministic

109 Bodigarde the Vexing (level 4, -12/34 HPs)
             Began as a Gnoll Arcane Marksman on Mar 10, 2020.
             Killed from afar by Sigmund (15 damage)
             ... with a puff of flame
             ... on level 2 of the Dungeon.
             The game lasted 00:11:58 (4481 turns).

Bodigarde the Vexing (Gnoll Arcane Marksman)        Turns: 4481, Time: 00:11:59

Health: -12/34     AC:  2    Str: 10 (13) XL:     4   Next: 90%
Magic:  1/8        EV: 14    Int: 13 (16) God:
Gold:   87         SH:  0    Dex: 13 (15) Spells: 1/9 levels left

rFire    . . .     SeeInvis .   a - +0 hunting sling
rCold    . . .     Gourm    +   (no shield)
rNeg     . . .     Faith    .   e - +0 robe
rPois    .         Spirit   .   (no helmet)
rElec    .         Reflect  .   (no cloak)
rCorr    .         Harm     .   (no gloves)
MR       .....                  (no boots)
Stlth    ++........             y - amulet of the gourmand
HPRegen  0.11/turn              (no ring)
MPRegen  0.11/turn              (no ring)

@: no status effects
A: distributed training, fangs 1, strong nose
a: no special abilities


You were on level 2 of the Dungeon.
You were not hungry.

You visited 1 branch of the dungeon, and saw 3 of its levels.

You collected 87 gold pieces.

Inventory:

Hand Weapons
 a - a +0 hunting sling (weapon)
 b - a +0 dagger
 z - a +1 rapier of holy wrath
Missiles
 d - 30 sling bullets (quivered)
 h - 38 stones
 l - 25 poisoned darts
 u - 2 atropa-tipped darts
Armour
 e - a +0 robe (worn)
 x - a +0 leather armour of cold resistance
Jewellery
 f - an uncursed ring of magical power {unknown}
 y - an amulet of the gourmand (around neck)
Scrolls
 c - 4 scrolls of remove curse
 g - a scroll of blinking {unknown}
 i - a scroll of fear {unknown}
 n - a scroll of amnesia {unknown}
 o - a scroll of fog {unknown}
 p - a scroll of noise {unknown}
 s - a scroll of teleportation
 A - a scroll of magic mapping {unknown}
Potions
 j - a potion of resistance
 k - a potion of haste
 m - a potion of degeneration
 q - a potion of cancellation
 r - a potion of heal wounds
 w - a potion of ambrosia {unknown}
Comestibles
 t - 5 rations


   Skills:
 + Level 2.8 Fighting
 + Level 1.2 Short Blades
 + Level 1.2 Long Blades
 + Level 1.2 Axes
 + Level 1.2 Maces & Flails
 + Level 1.2 Polearms
 + Level 1.2 Staves
 + Level 4.7 Slings
 + Level 1.2 Bows
 + Level 1.2 Crossbows
 + Level 1.2 Throwing
 + Level 1.2 Armour
 + Level 4.7 Dodging
 + Level 1.2 Stealth
 + Level 1.2 Shields
 + Level 1.2 Unarmed Combat
 + Level 3.0 Spellcasting
 + Level 1.0 Conjurations
 + Level 5.5 Hexes
 + Level 1.0 Charms
 + Level 1.0 Summonings
 + Level 1.0 Necromancy
 + Level 1.0 Translocations
 + Level 1.0 Transmutations
 + Level 1.0 Fire Magic
 + Level 1.0 Ice Magic
 + Level 1.0 Air Magic
 + Level 1.0 Earth Magic
 + Level 1.0 Poison Magic
 + Level 1.3 Invocations
 + Level 1.2 Evocations


You had one spell level left.
You knew the following spells:

 Your Spells              Type           Power        Failure   Level  Hunger
a - Corona                Hex            ###....      2%          1    #......
b - Portal Projectile     Hex/Tloc       ##....       19%         3    ###....
c - Leda's Liquefaction   Hex/Erth       ##........   52%         4    #####..

Your spell library contained the following spells:

 Spells                   Type           Power        Failure   Level  Hunger
 Slow                     Hex            ###.....     3%          2    ###....
 Inner Flame              Hex/Fire       ##......     19%         3    ###....
 Cause Fear               Hex            ###.......   24%         4    #####..


Dungeon Overview and Level Annotations

Branches:
Dungeon (3/15)

Altars:
Qazlal

Annotations:
D:2 Sigmund


Innate Abilities, Weirdness & Mutations

Your experience applies equally to all skills.
You have very sharp teeth.
Your uncanny sense of smell can sniff out nearby items.


Message History

You are no longer teleporting projectiles to their destination.
Sigmund hits you from afar with a +0 scythe!
* * * LOW HITPOINT WARNING * * *
Firing (i - inventory. (/) - cycle)
d - 33 sling bullets (quivered)
Press: ? - help, Shift-Dir - straight line, f/p - Sigmund
Aim: Sigmund, wielding a +0 scythe and wearing a +0 robe (almost dead)
You shoot a sling bullet. The sling bullet barely misses Sigmund.
Firing (i - inventory. (/) - cycle)
d - 32 sling bullets (quivered)
Press: ? - help, Shift-Dir - straight line, f/p - Sigmund
Aim: Sigmund, wielding a +0 scythe and wearing a +0 robe (almost dead)
You shoot a sling bullet.
The sling bullet closely misses Sigmund.
Sigmund barely misses you.
Firing (i - inventory. (/) - cycle)
d - 31 sling bullets (quivered)
Press: ? - help, Shift-Dir - straight line, f/p - Sigmund
Aim: Sigmund, wielding a +0 scythe and wearing a +0 robe (almost dead)
You shoot a sling bullet. The sling bullet barely misses Sigmund.
Sigmund gestures at you while chanting. The puff of flame hits you!
You die...

# #.# #....#.# ##.. # #.##
#....#.## #... # #..# #....#..#
#.## # ##.#### #....##.# #.# #
#....# #...###.# ###.##
##########.#.######..###.###.<.#.
.................................
....#...##.#..#####..###.###.###.
###.#....(.((.@.@................
#...#......................####
#####.......######.........#
##......##.# #.........#
##..##...##.# ##........#
###..###...##.### #####..###
#...## #........### #.......#
#.### #...##.#...###.......# #.#
#...##.###...........#


You could see Sigmund.

Vanquished Creatures
  An orc priest (D:3)
  An adder (D:1)
  3 gnolls (D:1)
  A worm (D:3)
  2 leopard geckos
  4 orcs
  7 bats
  A giant cockroach (D:3)
  5 hobgoblins
  A quokka (D:2)
  2 ball pythons (D:1)
  2 frilled lizards (D:2)
  A goblin (D:2)
  2 kobolds
  7 rats
40 creatures vanquished.

Notes
Turn   | Place    | Note
-------+----------+-------------------------------------------
     0 | D:1      | Bodigarde the Gnoll Arcane Marksman began the quest for the
                  | Orb.
     0 | D:1      | Reached XP level 1. HP: 17/17 MP: 4/4
   179 | D:1      | Reached XP level 2. HP: 23/23 MP: 5/5
  1145 | D:2      | Noticed Sigmund
  1599 | D:1      | Reached XP level 3. HP: 28/28 MP: 7/7
  2337 | D:1      | Reached skill level 1 in Invocations
  2346 | D:1      | Learned a level 3 spell: Portal Projectile
  2739 | D:1      | Reached skill level 1 in Short Blades
  2739 | D:1      | Reached skill level 1 in Long Blades
  2739 | D:1      | Reached skill level 1 in Axes
  2739 | D:1      | Reached skill level 1 in Maces & Flails
  2739 | D:1      | Reached skill level 1 in Polearms
  2739 | D:1      | Reached skill level 1 in Staves
  2739 | D:1      | Reached skill level 1 in Bows
  2739 | D:1      | Reached skill level 1 in Crossbows
  2739 | D:1      | Reached skill level 1 in Throwing
  2739 | D:1      | Reached skill level 1 in Armour
  2739 | D:1      | Reached skill level 1 in Stealth
  2739 | D:1      | Reached skill level 1 in Shields
  2739 | D:1      | Reached skill level 1 in Unarmed Combat
  2739 | D:1      | Reached skill level 1 in Evocations
  2739 | D:1      | Reached XP level 4. HP: 26/34 MP: 1/8
  2949 | D:3      | Found a stormy altar of Qazlal.
  3121 | D:3      | Reached skill level 1 in Conjurations
  3121 | D:3      | Reached skill level 1 in Charms
  3121 | D:3      | Reached skill level 1 in Summonings
  3121 | D:3      | Reached skill level 1 in Necromancy
  3121 | D:3      | Reached skill level 1 in Translocations
  3121 | D:3      | Reached skill level 1 in Transmutations
  3121 | D:3      | Reached skill level 1 in Fire Magic
  3121 | D:3      | Reached skill level 1 in Ice Magic
  3121 | D:3      | Reached skill level 1 in Air Magic
  3121 | D:3      | Reached skill level 1 in Earth Magic
  3121 | D:3      | Reached skill level 1 in Poison Magic
  4214 | D:2      | Learned a level 4 spell: Leda's Liquefaction
  4481 | D:2      | Killed from afar by Sigmund

Levels and vault maps discovered:
D:1:      dpeg_arrival_windows_large_door, layout_basic, minmay_misc_feat_tiny,
          hex_tiny, st_stairs_5
D:2:      layout_rooms, first_ration, uniq_sigmund
D:3:      layout_loops_ring, nicolae_qazlal_general_emergency,
          gup_sewer_entry_bowl

Skill      XL: |  1  2  3  4 |
---------------+-------------+-----
Invocations    | 1 |  1.3
Short Blades   | 1 |  1.2
Long Blades    | 1 |  1.2
Axes           | 1 |  1.2
Maces & Flails | 1 |  1.2
Polearms       | 1 |  1.2
Staves         | 1 |  1.2
Bows           | 1 |  1.2
Crossbows      | 1 |  1.2
Throwing       | 1 |  1.2
Armour         | 1 |  1.2
Stealth        | 1 |  1.2
Shields        | 1 |  1.2
Unarmed Combat | 1 |  1.2
Evocations     | 1 |  1.2
Spellcasting   | 3 |  3.0
Conjurations   | 1 |  1.0
Charms         | 1 |  1.0
Summonings     | 1 |  1.0
Necromancy     | 1 |  1.0
Translocations | 1 |  1.0
Transmutations | 1 |  1.0
Fire Magic     | 1 |  1.0
Ice Magic      | 1 |  1.0
Air Magic      | 1 |  1.0
Earth Magic    | 1 |  1.0
Poison Magic   | 1 |  1.0
Fighting       | |  2.8
Slings         | |  4.7
Dodging        | |  4.7
Hexes          | |  5.5

Action                   |  1- 3 |  4- 6 || total
-------------------------+-------+-------++-------
 Fire: Hunting sling     |    84 |    72 ||   156
 Cast: Portal Projectile |     2 |     4 ||     6
  Use: Scroll            |     3 |       ||     3
       Potion            |       |     6 ||     6
  Eat: Chunk             |     3 |     8 ||    11
       Ration            |     1 |       ||     1
Armor: Robe              |     6 |     4 ||    10
Dodge: Dodged            |    36 |    19 ||    55
